 Dungeon Crawl Stone Soup version 0.30-a0-596-g0af90f9a20 (webtiles) character file.

Game seed: 14833190721590574362

196 Persephone the Cudgeller (level 5, -3/61 HPs)
             Began as a Demonspawn Berserker on Jan 6, 2023.
             Was a Believer of Trog.
             Slain by an iguana (8 damage)
             ... on level 5 of the Dungeon.
             The game lasted 00:05:30 (2987 turns).

Persephone the Cudgeller (Demonspawn Berserker)     Turns: 2987, Time: 00:05:30

Health: -3/61      AC:  9    Str: 23    XL:     5   Next: 46%
Magic:  5/5        EV:  8    Int:  8    God:    Trog [**....]
Gold:   157        SH:  0    Dex: 13    Spells: 4/4 levels left

rFire   . . .      SeeInvis .    b - +7 morningstar of Tension {venom, Drain Will+++ Str+4}
rCold   . . .      Faith    .    (no shield)
rNeg    . . .      Spirit   .    m - +0 chain mail
rPois   .          Reflect  .    (no helmet)
rElec   .          Harm     .    (no cloak)
rCorr   .          Rampage  .    (no gloves)
Will    +++..                    g - +0 pair of boots Stlth
                                 (no amulet)
HPRegen 0.30/turn                (no ring)
MPRegen 0.09/turn                (no ring)

@: berserking, very quick
A: weakness stinger 1
a: Renounce Religion, Berserk, Trog's Hand


You were on level 5 of the Dungeon.
You worshipped Trog.
Trog was pleased with you.
You visited 1 branch of the dungeon, and saw 5 of its levels.

You collected 157 gold pieces.

Inventory:

Hand Weapons
 a - a +0 mace
 b - the +7 morningstar of Tension (weapon) {venom, Drain Will+++ Str+4}
   (You acquired it on level 3 of the Dungeon)

   Str:       It affects your strength (+4).
   Drain:     It drains your maximum health when unequipped.
   Will:      It greatly increases your willpower.
Missiles
 c - a throwing net
Armour
 g - a +0 pair of boots (worn)
 m - a +0 chain mail (worn)
Scrolls
 e - 2 scrolls of silence
Potions
 d - a potion of invisibility {unknown}
 h - a potion of brilliance {unknown}
 i - a potion of degeneration {unknown}
 k - 2 potions of might


   Skills:
 - Level 3.0 Fighting
 + Level 5.7 Maces & Flails
 - Level 1.7 Armour
 - Level 1.7 Dodging


You had 4 spell levels left.
You didn't know any spells.
Your spell library was empty.

Dungeon Overview and Level Annotations

Branches:
Dungeon (5/15)             Temple (0/1) D:5

Altars:

Shops:
D:2 (


Innate Abilities, Weirdness & Mutations

You have a small tail.


Message History

You feel strong-willed.
You feel the effects of Trog's Hand fading.
Your skin stops crawling.
You feel less strong-willed.
An iguana comes into view.
An orc comes into view. It is wielding a +0 hand axe.
The orc shouts!
A hound comes into view.
You closely miss the iguana.
The hound barks!
Your tail-slap misses the iguana.
The iguana closely misses you.
You barely miss the iguana. The orc hits you but does no damage.
The iguana bites you.
You barely miss the iguana. The orc hits you with a +0 hand axe.
The iguana bites you. The hound bites you but does no damage.
You are too injured to fight recklessly!
You are too injured to fight recklessly!
You hit the iguana. You tail-slap the iguana.
The iguana is heavily wounded.
The orc hits you with a +0 hand axe. The iguana bites you!
* * * LOW HITPOINT WARNING * * *
The hound bites you but does no damage. The orc hits you with a +0 hand axe.
* * * LOW HITPOINT WARNING * * *
The hound bites you but does no damage. The iguana bites you.
* * * LOW HITPOINT WARNING * * *
A red film seems to cover your vision as you go berserk!
You feel yourself moving faster!
You feel mighty! The hound bites you.
* * * LOW HITPOINT WARNING * * *
The orc hits you with a +0 hand axe.
* * * LOW HITPOINT WARNING * * *
The iguana bites you but does no damage.
You sock the orc!
You kill the orc!
Trog accepts your kill. The hound bites you but does no damage.
You closely miss the iguana.
The iguana is heavily wounded.
The hound bites you.
* * * LOW HITPOINT WARNING * * *
The iguana bites you!
You die...

. ####.# ##...#
.. ....##.......
$. #...........#
#.#.#.##...##.#
....##...##.##
#............
#.....>....#.
##....h......
#.##@l.##..
#...##.).##..#
#.#..........#
...............
.#########.#...#
. .##.## .# .#
.. #


You could see an iguana and a hound.

Vanquished Creatures
  A hound (D:4)
  An orc priest (D:4)
  5 adders
  An ufetubus (D:4)
  2 worms (D:2)
  5 orcs
  4 bats (D:1)
  11 endoplasms
  3 giant cockroaches
  4 goblins
  7 hobgoblins
  3 jackals (D:2)
  2 quokkas
  4 ball pythons
  4 frilled lizards
  8 kobolds
  9 rats
74 creatures vanquished.

Notes
Turn   | Place    | Note
-------+----------+-------------------------------------------
     0 | D:1      | Persephone the Demonspawn Berserker began the quest for the
                  | Orb.
     0 | D:1      | Reached XP level 1. HP: 18/18 MP: 1/1
   364 | D:1      | Reached skill level 3 in Maces & Flails
   512 | D:1      | Gained mutation: You have a small tail. [demonic ancestry]
   512 | D:1      | Reached XP level 2. HP: 24/24 MP: 2/2
  1082 | D:2      | Reached XP level 3. HP: 6/29 MP: 3/3
  1084 | D:2      | Reached skill level 4 in Maces & Flails
  1084 | D:2      | Reached ** piety under Trog
  1417 | D:2      | Reached XP level 4. HP: 35/35 MP: 4/4
  1569 | D:2      | Found Gushroxuc's Antique Weapon Boutique.
  2317 | D:3      | Identified a scroll of acquirement
  2317 | D:3      | Acquired the +7 morningstar of Tension {venom, Drain
                  | Will+++ Str+4}
  2376 | D:3      | Reached skill level 5 in Maces & Flails
  2825 | D:4      | Reached XP level 5. HP: 39/41 MP: 5/5
  2957 | D:4      | You fall into a shaft and drop 1 floor!
  2957 | D:5      | Entered Level 5 of the Dungeon
  2957 | D:5      | Found a staircase to the Ecumenical Temple.
  2987 | D:5      | Slain by an iguana

Illustrated notes

Levels and vault maps discovered:
D:1:      nicolae_arrival_somewhat_less_tricky_arrival, layout_basic
D:2:      layout_basic, serial_forest, infiniplex_forest_straight_2,
          infiniplex_forest_lined_1, infiniplex_forest_straight_2,
          infiniplex_forest_lined_room_3, infiniplex_forest_straight_3,
          infiniplex_forest_lined_room_3, infiniplex_forest_straight_3,
          infiniplex_forest_corner_1, serial_shops, shop
D:3:      layout_loops_ring
D:4:      layout_loops_ring, vehumet_statue, hex_large, mrwooster_statue_mirror,
          st_stairs_6
D:5:      layout_basic, mainiacjoe_overflow_chevrons,
          minmay_temple_entry_stoned_glass, enter_ossuary_5

Skill      XL: |  1  2  3  4 |
---------------+-------------+-----
Maces & Flails | 3 4 5 |  5.7
Fighting       | |  3.0
Armour         | |  1.7
Dodging        | |  1.7

Action                   |  1- 3 |  4- 6 || total
-------------------------+-------+-------++-------
Melee: Mace              |   110 |    60 ||   170
       Tailslap          |     7 |     7 ||    14
       Morningstar       |       |    31 ||    31
Invok: Berserk           |     2 |     4 ||     6
       Trog's Hand       |       |     1 ||     1
  Use: Scroll            |     2 |     6 ||     8
       Potion            |     1 |       ||     1
 Stab: Sleeping          |     1 |       ||     1
Armor: Animal skin       |    11 |       ||    11
       Ring mail         |    28 |    22 ||    50
       Chain mail        |       |    14 ||    14
Dodge: Dodged            |   100 |    56 ||   156

Table legend: (Time is in decaauts)
 A = Elapsed time spent in this place.
 B = Non-inter-level travel time spent in this place.
 C = Inter-level travel time spent in this place.
 D = Time resting spent in this place.
 E = Time spent auto-exploring this place.
 F = Levels seen in this place.
 G = Mean time per level.
                   A        B        C        D        E       F      G
               +--------+--------+--------+--------+--------+-----+--------+
         Total |   3075 |   2950 |    125 |      0 |   2357 |   5 |  615.0 |
       Dungeon |   3075 |   2950 |    125 |      0 |   2357 |   5 |  615.0 |
               +--------+--------+--------+--------+--------+-----+--------+

Top non-repeatable levels by time:
     D:1: 1174 daAuts
     D:2: 874 daAuts
     D:3: 768 daAuts
     D:4: 227 daAuts
     D:5: 30 daAuts
